 Dungeon Crawl Stone Soup version 0.25.1-2-g60ff931df9 (webtiles) character file.

Game seed: 17697515960383764449

7 Joresh2 the Firebug (level 2, 0/15 HPs)
             Began as a Gargoyle Fire Elementalist on Sept 3, 2020.
             Slain by a jackal (2 damage)
             ... on level 1 of the Dungeon.
             The game lasted 00:00:58 (296 turns).

Joresh2 the Firebug (Gargoyle Fire Elementalist)     Turns: 296, Time: 00:00:59

Health: 0/15       AC:  4    Str: 11    XL:     2   Next: 0%
Magic:  1/5        EV: 12    Int: 15    God:
Gold:   17         SH:  0    Dex: 10    Spells: 4/5 levels left

rFire    . . .     SeeInvis .   (no weapon)
rCold    . . .     Gourm    .   (no shield)
rNeg     + . .     Faith    .   a - +0 robe
rPois    ∞         Spirit   .   (no helmet)
rElec    +         Reflect  .   (no cloak)
rCorr    .         Harm     .   (no gloves)
MR       .....                  (no boots)
Stlth    ++........             (no amulet)
HPRegen  0.05/turn              (no ring)
MPRegen  0.09/turn              (no ring)

@: no status effects
A: negative energy resistance 1, electricity resistance, unbreathing,
petrification resistance, rot immunity, AC +2
a: no special abilities


You were on level 1 of the Dungeon.
You were not hungry.

You visited 1 branch of the dungeon, and saw 1 of its levels.

You collected 17 gold pieces.

Inventory:

Armour
 a - a +0 robe (worn)
Scrolls
 b - a scroll of identify {unknown}
 d - a scroll of enchant weapon {unknown}
Potions
 e - a potion of curing {unknown}
Comestibles
 c - a ration


   Skills:
 + Level 1.5 Dodging
 + Level 2.4 Stealth
 + Level 2.0 Spellcasting
 + Level 1.1 Conjurations
 + Level 3.3 Fire Magic


You had 4 spell levels left.
You knew the following spells:

 Your Spells              Type           Power        Failure   Level  Hunger
a - Foxfire               Conj/Fire      #...         9%          1    #......

Your spell library contained the following spells:

 Spells                   Type           Power        Failure   Level  Hunger
 Conjure Flame            Conj/Fire      #.......     26%         3    ###....
 Inner Flame              Hex/Fire       #.......     32%         3    ###....
 Sticky Flame             Conj/Fire      #.......     65%         4    #####..
 Fireball                 Conj/Fire      #.........   94%         5    ######.


Dungeon Overview and Level Annotations

Branches:
Dungeon (1/15)

Altars:


Innate Abilities, Weirdness & Mutations

You are resistant to torment.
Your stone body is resilient. (AC +2)
You are immune to poison.
You resist negative energy. (rN+)
You are resistant to electric shocks. (rElec)
You can survive without breathing.
You are immune to petrification.
You are immune to rotting.


Message History

The jackal is severely wounded.
The jackal closely misses you.
The jackal bites you but does no damage.
You closely miss the jackal.
The jackal is severely wounded.
The jackal bites you but does no damage.
The jackal barely misses you. The jackal closely misses you.
You hit the jackal but do no damage. The jackal misses you.
The jackal closely misses you. The jackal misses you.
You barely miss the jackal. The jackal closely misses you.
The jackal bites you.
* * * LOW HITPOINT WARNING * * *
You hit the jackal but do no damage.
The jackal bites you but does no damage.
The jackal closely misses you. The jackal misses you.
The jackal bites you but does no damage.
You hit the jackal but do no damage. The jackal misses you.
The jackal closely misses you.
You closely miss the jackal. The jackal bites you.
You die...

#.............#
##.##########.# ####
#.###....# #.# .....
#.#.#.#..###.# ......
...#.#...##.# ......###
#..#........# ....#.#
..#.#.#.#..####
#.#..######h#..#.#......#
##......†glh@#.#...#.###.#
##...#..#######..#.#.####.#
...............#.#.#.#.....#
...#.##...........#.#..#####
...#l..≈≈≈≈...>#######
≈§..h...≈≈≈≈≈≈..##
≈≈......≈≈><≈≈..#
§≈......≈≈≈≈.≈..#
..####..≈≈≈≈...#


You could see 2 jackals, a goblin and a frilled lizard.

Vanquished Creatures
  A leopard gecko (D:1)
  2 jackals (D:1)
  2 kobolds (D:1)
5 creatures vanquished.

Vanquished Creatures (others)
  12 foxfires (D:1)
12 creatures vanquished.

Grand Total: 17 creatures vanquished

Notes
Turn   | Place    | Note
-------+----------+-------------------------------------------
     0 | D:1      | Joresh2 the Gargoyle Fire Elementalist began the quest for
                  | the Orb.
     0 | D:1      | Reached XP level 1. HP: 10/10 MP: 3/3
   279 | D:1      | Reached XP level 2. HP: 6/15 MP: 1/5
   296 | D:1      | Slain by a jackal

Illustrated notes

Levels and vault maps discovered:
D:1:      dpeg_arrival_pits, layout_basic, minmay_tiny_reverse_x

Action                   || total
-------------------------++-------
Melee: Unarmed           ||    21
 Cast: Foxfire           ||     7
Armor: Robe              ||    14
Dodge: Dodged            ||    30
